Panthers vs Bruins
Created - May 29, 2023 at 19:44
Goals
|
| Panthers |
1 |
0 |
0 |
1 |
| Bruins |
1 |
0 |
2 |
3 |
|
Shots
|
| Panthers |
7 |
6 |
8 |
21 |
| Bruins |
12 |
1 |
17 |
30 |
|
1st period
1. Panthers , Miro Aaltonen 27 (Kris Versteeg 33, Bryce Lampman 13) at 11:15 (PP)
2. Bruins , Zack Kassian 44 (Jonathan Toews 51, Wojtek Wolski 53) at 13:51
Penalties :
Alexander Semin (Flo) for Roughing (Minor) at 1:47, David Booth (Bos) for Delaying the game (Minor) at 10:37
2nd period
No Goal
Penalties :
Alex Iafallo (Flo) for High sticking (Minor) at 0:44, Zack Kassian (Bos) for Hooking (Minor) at 7:21, Matt Read (Bos) for Hooking (Minor) at 12:35, Brian Flynn (Flo) for Holding (Minor) at 16:15
3rd period
3. Bruins , Zack Kassian 45 (Wojtek Wolski 54, Jason Demers 34) at 12:31
4. Bruins , Victor Oreskovich 19 (Kevin Hayes 29, Brendan Smith 17) at 18:01 (PP)
Penalties :
Torey Krug (Bos) for Slashing (Minor) at 2:57, Thomas Vanek (Flo) for Slashing (Minor) at 5:13, Alex Iafallo (Flo) for Tripping (Minor) at 12:59, Cameron Gaunce (Flo) for Interference (Minor) at 17:14
Goalie Stats
Ville Husso (Flo), 27 saves from 30 shots - (0.900), L, 5-12-4, 60:00 minutes
Kevin Poulin (Bos), 20 saves from 21 shots - (0.952), W, 37-25-6, 60:00 minutes
Players Stats for Panthers
Player Name G A P +/- PIM S H SB GA TA FO MP PP MP PK MP
------------------------------------------------------------------------------------
Alex Iafallo 0 0 0 0 4 2 1 0 0 0 1/1 16:03 3:52 0:43
Alexander Semin 0 0 0 -1 2 0 1 0 0 0 0/0 13:56 0:52 5:03
Brian Flynn 0 0 0 -1 2 3 0 1 0 0 12/23 16:38 0:10 0:23
Bryce Lampman 0 1 1 -1 0 1 0 2 0 2 0/0 27:30 4:00 4:25
Cameron Gaunce 0 0 0 -1 2 1 0 1 1 1 0/0 24:41 2:35 4:09
Chris Bourque 0 0 0 -1 0 5 1 1 0 0 1/2 18:56 1:45 0:58
Daultan Leveillé 0 0 0 0 0 0 1 0 0 0 0/2 7:25 0:23 0:07
Drew Stafford 0 0 0 -1 0 1 2 0 0 0 2/4 21:05 1:50 3:07
Jerry D'Amigo 0 0 0 0 0 0 0 0 0 0 0/0 7:38 0:36 0:00
John Draeger 0 0 0 -1 0 0 0 3 1 0 0/0 17:04 0:00 6:17
Josh Jooris 0 0 0 -1 0 0 2 1 0 0 0/0 10:02 0:00 1:56
Kris Versteeg 0 1 1 0 0 3 3 1 0 1 4/10 21:25 4:00 6:00
Miro Aaltonen 1 0 1 0 0 1 1 0 0 0 8/16 18:17 3:50 3:07
Morgan Ellis 0 0 0 -1 0 1 1 1 0 0 0/0 11:36 0:00 0:00
Niklas Hansson 0 0 0 0 0 1 1 1 0 1 0/0 22:00 2:35 6:33
Quinton Howden 0 0 0 -1 0 0 0 0 0 0 0/2 10:38 2:21 0:00
Thomas Vanek 0 0 0 0 2 1 0 0 0 0 0/0 7:10 0:06 0:00
Will Butcher 0 0 0 0 0 1 3 1 0 0 0/0 17:08 4:00 0:00
Players Stats for Bruins
Player Name G A P +/- PIM S H SB GA TA FO MP PP MP PK MP
------------------------------------------------------------------------------------
Adam Pelech 0 0 0 0 0 0 1 0 0 0 0/0 11:54 0:00 1:05
Alex Petrovic 0 0 0 0 0 1 2 0 0 0 0/0 11:07 0:00 0:18
Andreas Athanasiou 0 0 0 0 0 0 0 1 0 0 0/0 6:52 0:09 0:00
Brendan Smith 0 1 1 1 0 1 4 0 0 0 0/0 20:45 4:11 2:40
David Booth 0 0 0 0 2 4 0 1 1 0 0/0 11:41 0:05 1:53
Gabriel Landeskog 0 0 0 0 0 5 2 0 0 0 2/2 20:49 6:20 2:08
Jason Demers 0 1 1 1 0 3 1 1 0 0 0/0 28:43 6:31 4:12
John Quenneville 0 0 0 0 0 1 1 0 0 0 5/8 10:39 0:09 0:55
Jonathan Toews 0 1 1 2 0 3 2 0 0 0 14/28 21:43 6:16 1:16
Josh Manson 0 0 0 1 0 1 0 1 0 0 0/0 20:10 4:11 2:05
Kevin Hayes 0 1 1 0 0 1 3 0 0 0 8/14 16:36 4:17 0:10
Matt Read 0 0 0 0 2 1 1 0 0 0 0/1 9:38 0:00 0:00
Mikael Backlund 0 0 0 0 0 0 1 0 0 0 1/3 8:25 0:00 1:41
Taylor Beck 0 0 0 0 0 0 2 0 1 0 0/0 6:25 0:00 0:00
Torey Krug 0 0 0 1 2 4 0 2 0 1 0/0 27:21 6:31 2:50
Victor Oreskovich 1 0 1 0 0 1 2 0 0 0 0/0 16:26 4:17 0:00
Wojtek Wolski 0 2 2 2 0 1 3 0 0 0 1/1 21:07 4:17 2:37
Zack Kassian 2 0 2 2 2 3 1 1 3 1 1/3 23:00 6:16 2:30
3 Stars
1 - Zack Kassian (Bos)
2 - Wojtek Wolski (Bos)
3 - Jonathan Toews (Bos)
Power Play
Panthers - 1 on 4 Attempt(s) - 25.00%
Bruins - 1 on 6 Attempt(s) - 16.67%
Penalty Kill
Panthers - 5 on 6 Attempt(s) - 83.33%
- Score 0 goal in Penalty Kill
Bruins - 3 on 4 Attempt(s) - 75.00%
- Score 0 goal in Penalty Kill
Team Stat
Panthers - Hits : 17 - Faceoff Wins : 28 - Blocked Shots : 13 - Penalty Minutes : 12
Bruins - Hits : 26 - Faceoff Wins : 32 - Blocked Shots : 7 - Penalty Minutes : 8
Official
Referees : Reid Anderson and Kelly Sutherland
Linesman : Matt MacPherson and Ryan Daisy
Game Notes
No Game Note
Finance
Level 1 -- Attendance: 5276 (87.93%) -- Ticket Income $527,600
Level 2 -- Attendance: 4374 (87.48%) -- Ticket Income $262,440
Level 3 -- Attendance: 1961 (98.05%) -- Ticket Income $68,635
Level 4 -- Attendance: 3810 (95.25%) -- Ticket Income $95,250
Luxury Box -- Attendance: 974 (97.40%) -- Ticket Income $194,800
Game was played at the TD Garden.
Total Attendance: 16395 (91.08%)
Total Ticket Income: $1,148,725
Other Income: $172,309
Total Income: $1,321,034
Panthers
5 vs 5 Forward
Center Left Wing Right Wing Time % Phy DF OF
1 Brian Flynn Chris Bourque Drew Stafford 40 1 2 2
2 Miro Aaltonen Alex Iafallo Kris Versteeg 30 1 2 2
3 Quinton Howden Alexander Semin Josh Jooris 20 1 2 2
4 Daultan Leveillé Thomas Vanek Jerry D'Amigo 10 1 2 2
5 vs 5 Defense
Defense Defense Time % Phy DF OF
1 Bryce Lampman Cameron Gaunce 40 1 2 2
2 Will Butcher Niklas Hansson 30 1 2 2
3 Morgan Ellis John Draeger 20 1 2 2
4 Bryce Lampman Cameron Gaunce 10 1 2 2
PowerPlay Forward
Center Left Wing Right Wing Time % Phy DF OF
1 Miro Aaltonen Alex Iafallo Kris Versteeg 60 1 2 2
2 Quinton Howden Chris Bourque Drew Stafford 40 1 2 2
PowerPlay Defense
Defense Defense Time % Phy DF OF
1 Bryce Lampman Will Butcher 60 1 2 2
2 Cameron Gaunce Niklas Hansson 40 1 2 2
Penalty Kill 4 Players Forward
Center Wing Time % Phy DF OF
1 Kris Versteeg Alexander Semin 60 1 2 2
2 Drew Stafford Miro Aaltonen 40 1 2 2
Penalty Kill 4 Players Defense
Defense Defense Time % Phy DF OF
1 Niklas Hansson John Draeger 60 1 2 2
2 Bryce Lampman Cameron Gaunce 40 1 2 2
Penalty Kill - 3 Players Forward
Forward Time % Phy DF OF
1 Kris Versteeg 60 1 2 2
2 Alexander Semin 40 1 2 2
Penalty Kill - 3 Players Defense
Defense Defense Time % Phy DF OF
1 Niklas Hansson John Draeger 60 1 2 2
2 Bryce Lampman Cameron Gaunce 40 1 2 2
4 vs 4 Forward
Center Wing Time % Phy DF OF
1 Brian Flynn Thomas Vanek 60 1 2 2
2 Miro Aaltonen Alex Iafallo 40 1 2 2
4 vs 4 Defense
Defense Defense Time % Phy DF OF
1 Bryce Lampman Cameron Gaunce 60 1 2 2
2 Will Butcher Niklas Hansson 40 1 2 2
Last Minutes Offensive
Center Left Wing Right Wing Defense Defense
Miro Aaltonen Alex Iafallo Kris Versteeg Will Butcher Cameron Gaunce
Last Minutes Defensive
Center Left Wing Right Wing Defense Defense
Miro Aaltonen Alexander Semin Kris Versteeg Niklas Hansson John Draeger
Goaltenders
Starting : Ville Husso
Backup : Artyom Zagidulin
Extra Forwards
Normal : Quinton Howden, Chris Bourque, Josh Jooris - PP : Quinton Howden, Chris Bourque - PK : Josh Jooris
Extra Defensemen
Normal : Cameron Gaunce, Niklas Hansson, Bryce Lampman - PP : Cameron Gaunce - PK : Niklas Hansson, Bryce Lampman
Penalty Shots
Bryce Lampman, Niklas Hansson, Will Butcher, Josh Jooris, Chris Bourque
Scratches
Alex Goligoski (Healthy), Dave Bolland (Healthy), Shea Weber (Healthy), Viktor Fasth (Healthy)
Bruins
5 vs 5 Forward
Center Left Wing Right Wing Time % Phy DF OF
1 Jonathan Toews Wojtek Wolski Zack Kassian 40 1 2 2
2 Kevin Hayes Gabriel Landeskog Victor Oreskovich 30 1 2 2
3 John Quenneville David Booth Matt Read 20 1 2 2
4 Mikael Backlund Taylor Beck Andreas Athanasiou 10 1 2 2
5 vs 5 Defense
Defense Defense Time % Phy DF OF
1 Jason Demers Torey Krug 40 1 2 2
2 Brendan Smith Josh Manson 30 1 2 2
3 Alex Petrovic Adam Pelech 20 1 2 2
4 Jason Demers Torey Krug 10 1 2 2
PowerPlay Forward
Center Left Wing Right Wing Time % Phy DF OF
1 Jonathan Toews Gabriel Landeskog Zack Kassian 60 0 2 3
2 Kevin Hayes Wojtek Wolski Victor Oreskovich 40 0 2 3
PowerPlay Defense
Defense Defense Time % Phy DF OF
1 Jason Demers Torey Krug 60 1 2 2
2 Brendan Smith Josh Manson 40 1 2 2
Penalty Kill 4 Players Forward
Center Wing Time % Phy DF OF
1 Zack Kassian Wojtek Wolski 60 1 2 2
2 Gabriel Landeskog Jonathan Toews 40 1 2 2
Penalty Kill 4 Players Defense
Defense Defense Time % Phy DF OF
1 Jason Demers Torey Krug 60 1 2 2
2 Brendan Smith Josh Manson 40 1 2 2
Penalty Kill - 3 Players Forward
Forward Time % Phy DF OF
1 Zack Kassian 60 0 3 2
2 Wojtek Wolski 40 0 3 2
Penalty Kill - 3 Players Defense
Defense Defense Time % Phy DF OF
1 Jason Demers Torey Krug 60 1 2 2
2 Brendan Smith Josh Manson 40 1 2 2
4 vs 4 Forward
Center Wing Time % Phy DF OF
1 Zack Kassian Wojtek Wolski 60 1 2 2
2 Gabriel Landeskog Jonathan Toews 40 1 2 2
4 vs 4 Defense
Defense Defense Time % Phy DF OF
1 Jason Demers Torey Krug 60 1 2 2
2 Brendan Smith Josh Manson 40 1 2 2
Last Minutes Offensive
Center Left Wing Right Wing Defense Defense
Jonathan Toews Wojtek Wolski Zack Kassian Jason Demers Torey Krug
Last Minutes Defensive
Center Left Wing Right Wing Defense Defense
Jonathan Toews Wojtek Wolski Zack Kassian Jason Demers Torey Krug
Goaltenders
Starting : Kevin Poulin
Backup : Keith Kinkaid
Extra Forwards
Normal : Wojtek Wolski, Zack Kassian, Gabriel Landeskog - PP : Gabriel Landeskog, Zack Kassian - PK : Mikael Backlund
Extra Defensemen
Normal : Alex Petrovic, Adam Pelech, Brendan Smith - PP : Alex Petrovic - PK : Adam Pelech, Brendan Smith
Penalty Shots
Zack Kassian, Wojtek Wolski, Gabriel Landeskog, Jonathan Toews, Kevin Hayes
Scratches
Casey Cizikas (Suspend), Madison Bowey (Left Forearm Injury)
% Time on Ice - Panthers
Lines # - Real PCT - Wanted PCT - Time Play
Normal Forward
1 - 38% - 40% - 16:18
2 - 27% - 30% - 11:34
3 - 19% - 20% - 7:56
4 - 16% - 10% - 6:55
Normal Defense
1 - 38% - 40% - 16:16
2 - 35% - 30% - 14:46
3 - 26% - 20% - 11:14
4 - 1% - 10% - 0:27
PP Forward
1 - 72% - 60% - 4:44
2 - 28% - 40% - 1:51
PP Defense
1 - 61% - 60% - 4:00
2 - 39% - 40% - 2:35
PK Forward
1 - 71% - 60% - 7:35
2 - 29% - 40% - 3:07
PK Defense
1 - 59% - 60% - 6:17
2 - 41% - 40% - 4:25
PK3 Forward
1 - 0% - 60%
2 - 0% - 40%
PK3 Defense
1 - 0% - 60%
2 - 0% - 40%
44 Forward
1 - 0% - 60%
2 - 0% - 40%
44 Defense
1 - 0% - 60%
2 - 0% - 40%
Last Minute Offensive - 0:00
Last Minute Defensive - 0:00
Total
Forward - 60:00
Defense - 60:00
|
% Time on Ice - Bruins
Lines # - Real PCT - Wanted PCT - Time Play
Normal Forward
1 - 34% - 40% - 14:44
2 - 29% - 30% - 12:13
3 - 22% - 20% - 9:21
4 - 15% - 10% - 6:25
Normal Defense
1 - 41% - 40% - 17:35
2 - 33% - 30% - 13:54
3 - 25% - 20% - 10:36
4 - 1% - 10% - 0:38
PP Forward
1 - 60% - 60% - 6:25
2 - 40% - 40% - 4:17
PP Defense
1 - 61% - 60% - 6:31
2 - 39% - 40% - 4:11
PK Forward
1 - 79% - 60% - 5:12
2 - 21% - 40% - 1:23
PK Defense
1 - 68% - 60% - 4:30
2 - 32% - 40% - 2:05
PK3 Forward
1 - 0% - 60%
2 - 0% - 40%
PK3 Defense
1 - 0% - 60%
2 - 0% - 40%
44 Forward
1 - 0% - 60%
2 - 0% - 40%
44 Defense
1 - 0% - 60%
2 - 0% - 40%
Last Minute Offensive - 0:00
Last Minute Defensive - 0:00
Total
Forward - 60:00
Defense - 60:00
|
Play-by-Play
1st period
0:01 of 1st period - Brian Flynn wins face-off versus Jonathan Toews in neutral zone.
0:10 of 1st period - Wrist shot by Jonathan Toews.
0:10 of 1st period - Stopped by Ville Husso without a rebound.
0:11 of 1st period - Alex Iafallo wins face-off versus Kevin Hayes in Panthers zone.
0:20 of 1st period - Slapshot by Kris Versteeg.
0:20 of 1st period - Deflect By Miro Aaltonen.
0:20 of 1st period - Shot Misses the Net.
0:20 of 1st period - Puck is out of play.
0:21 of 1st period - Miro Aaltonen wins face-off versus Kevin Hayes in Bruins zone.
0:24 of 1st period - Wrist shot by Kris Versteeg.
0:24 of 1st period - Shot Misses the Net.
0:36 of 1st period - Niklas Hansson is hit by Brendan Smith and loses puck.
0:51 of 1st period - Snap shot by Kevin Hayes.
0:51 of 1st period - Shot Hit the Post.
0:57 of 1st period - Snap shot by Gabriel Landeskog.
0:57 of 1st period - Stopped by Ville Husso with a rebound.
0:59 of 1st period - Slapshot by Kevin Hayes.
0:59 of 1st period - Shot Hit the Post.
1:01 of 1st period - Slapshot by Josh Manson.
1:01 of 1st period - Stopped by Ville Husso with a rebound.
1:03 of 1st period - Wrist shot by Gabriel Landeskog.
1:03 of 1st period - Stopped by Ville Husso without a rebound.
1:04 of 1st period - Brian Flynn wins face-off versus Jonathan Toews in Panthers zone.
1:17 of 1st period - Snap shot by Jonathan Toews.
1:17 of 1st period - Shot Misses the Net.
1:19 of 1st period - Slapshot by Jonathan Toews.
1:19 of 1st period - Stopped by Ville Husso with a rebound.
1:21 of 1st period - Snap shot by Torey Krug.
1:21 of 1st period - Stopped by Ville Husso with a rebound.
1:47 of 1st period - Minor Penalty to Alexander Semin for Roughing.
1:48 of 1st period - Jonathan Toews wins face-off versus Kris Versteeg in Panthers zone.
2:39 of 1st period - Jonathan Toews is hit by Kris Versteeg and loses puck.
3:47 of 1st period - Penalty to Alexander Semin is over, Alexander Semin is back on ice.
4:03 of 1st period - Snap shot by Thomas Vanek.
4:03 of 1st period - Stopped by Kevin Poulin with a rebound.
4:05 of 1st period - Slapshot by Morgan Ellis.
4:05 of 1st period - Stopped by Kevin Poulin without a rebound.
4:06 of 1st period - Mikael Backlund wins face-off versus Quinton Howden in Bruins zone.
4:19 of 1st period - Alex Petrovic is hit by Josh Jooris and loses puck.
5:03 of 1st period - Snap shot by Alex Iafallo.
5:03 of 1st period - Stopped by Kevin Poulin with a rebound.
5:55 of 1st period - Niklas Hansson is hit by Taylor Beck and loses puck.
6:30 of 1st period - Snap shot by Drew Stafford.
6:30 of 1st period - Stopped by Kevin Poulin without a rebound.
6:31 of 1st period - Miro Aaltonen wins face-off versus Kevin Hayes in Bruins zone.
6:39 of 1st period - Icing by Josh Manson.
6:40 of 1st period - Kevin Hayes wins face-off versus Miro Aaltonen in Bruins zone.
6:40 of 1st period - Kevin Hayes is hit by Kris Versteeg.
7:35 of 1st period - Slapshot by Kris Versteeg.
7:35 of 1st period - Stopped by Kevin Poulin without a rebound.
7:36 of 1st period - Jonathan Toews wins face-off versus Brian Flynn in Bruins zone.
7:49 of 1st period - Snap shot by Wojtek Wolski.
7:49 of 1st period - Shot Blocked by Morgan Ellis.
8:25 of 1st period - John Draeger is hit by Taylor Beck and loses puck.
9:22 of 1st period - Alex Iafallo is hit by Kevin Hayes and loses puck.
9:29 of 1st period - Snap shot by Kevin Hayes.
9:29 of 1st period - Stopped by Ville Husso without a rebound.
9:30 of 1st period - Jonathan Toews wins face-off versus Brian Flynn in Panthers zone.
10:23 of 1st period - Slapshot by David Booth.
10:23 of 1st period - Stopped by Ville Husso with a rebound.
10:37 of 1st period - Minor Penalty to David Booth for Delaying the game.
10:38 of 1st period - Zack Kassian wins face-off versus Miro Aaltonen in Bruins zone.
11:15 of 1st period - Snap shot by Miro Aaltonen.
11:15 of 1st period - Goal by Miro Aaltonen - Panthers : 1 - Bruins : 0.
11:16 of 1st period - Brian Flynn wins face-off versus Jonathan Toews in neutral zone.
12:08 of 1st period - Wrist shot by John Quenneville.
12:08 of 1st period - Stopped by Ville Husso without a rebound.
12:09 of 1st period - John Quenneville wins face-off versus Brian Flynn in Panthers zone.
12:18 of 1st period - Slapshot by David Booth.
12:18 of 1st period - Stopped by Ville Husso with a rebound.
12:20 of 1st period - Slapshot by John Quenneville.
12:20 of 1st period - Shot Misses the Net.
13:51 of 1st period - Snap shot by Zack Kassian.
13:51 of 1st period - Goal by Zack Kassian - Panthers : 1 - Bruins : 1.
13:52 of 1st period - Kevin Hayes wins face-off versus Brian Flynn in neutral zone.
14:07 of 1st period - Wrist shot by Gabriel Landeskog.
14:07 of 1st period - Shot Blocked by Chris Bourque.
14:19 of 1st period - Andreas Athanasiou is hit by Miro Aaltonen and loses puck.
14:46 of 1st period - David Booth is hit by Daultan Leveillé and loses puck.
15:24 of 1st period - Snap shot by Brian Flynn.
15:24 of 1st period - Shot Blocked by Torey Krug.
16:07 of 1st period - John Draeger is hit by Brendan Smith and loses puck.
16:44 of 1st period - Snap shot by David Booth.
16:44 of 1st period - Shot Blocked by John Draeger.
16:46 of 1st period - Slapshot by Alex Petrovic.
16:46 of 1st period - Shot Blocked by Josh Jooris.
16:48 of 1st period - Snap shot by Alex Petrovic.
16:48 of 1st period - Shot Misses the Net.
17:53 of 1st period - Wrist shot by Zack Kassian.
17:53 of 1st period - Shot Misses the Net.
18:12 of 1st period - Off-side.
18:13 of 1st period - Kevin Hayes wins face-off versus Brian Flynn in neutral zone.
18:16 of 1st period - Slapshot by Jason Demers.
18:16 of 1st period - Stopped by Ville Husso with a rebound.
18:18 of 1st period - Wrist shot by Gabriel Landeskog.
18:18 of 1st period - Shot Blocked by Brian Flynn.
18:30 of 1st period - Snap shot by Gabriel Landeskog.
18:30 of 1st period - Shot Misses the Net.
18:40 of 1st period - Matt Read is hit by Kris Versteeg and loses puck.
19:10 of 1st period - Slapshot by Taylor Beck.
19:10 of 1st period - Shot Misses the Net.
19:46 of 1st period - Snap shot by Chris Bourque.
19:46 of 1st period - Stopped by Kevin Poulin without a rebound.
19:47 of 1st period - Brian Flynn wins face-off versus John Quenneville in Bruins zone.
Goals for this period are 1 for Panthers vs 1 for Bruins.
Shots for this period are 7 for Panthers vs 12 for Bruins.
2nd period
0:01 of 2nd period - Brian Flynn wins face-off versus Jonathan Toews in neutral zone.
0:44 of 2nd period - Minor Penalty to Alex Iafallo for High sticking.
0:45 of 2nd period - Kris Versteeg wins face-off versus Jonathan Toews in Panthers zone.
0:45 of 2nd period - Kris Versteeg is hit by Gabriel Landeskog.
1:03 of 2nd period - John Draeger is hit by Gabriel Landeskog and loses puck.
1:50 of 2nd period - Snap shot by Drew Stafford.
1:50 of 2nd period - Shot Hit the Post.
1:52 of 2nd period - Slapshot by Bryce Lampman.
1:52 of 2nd period - Stopped by Kevin Poulin with a rebound.
1:54 of 2nd period - Slapshot by Cameron Gaunce.
1:54 of 2nd period - Stopped by Kevin Poulin with a rebound.
2:44 of 2nd period - Penalty to Alex Iafallo is over, Alex Iafallo is back on ice.
2:59 of 2nd period - Adam Pelech is hit by Will Butcher and loses puck.
3:31 of 2nd period - Mikael Backlund is hit by Drew Stafford and loses puck.
4:03 of 2nd period - Torey Krug is hit by Josh Jooris and loses puck.
4:10 of 2nd period - Will Butcher is hit by Adam Pelech and loses puck.
4:23 of 2nd period - Cameron Gaunce is hit by Zack Kassian and loses puck.
4:51 of 2nd period - Kevin Hayes is hit by Morgan Ellis and loses puck.
5:04 of 2nd period - Bryce Lampman is hit by Wojtek Wolski and loses puck.
5:19 of 2nd period - Wrist shot by Brian Flynn.
5:19 of 2nd period - Stopped by Kevin Poulin without a rebound.
5:20 of 2nd period - Brian Flynn wins face-off versus John Quenneville in Bruins zone.
5:25 of 2nd period - Wrist shot by Chris Bourque.
5:25 of 2nd period - Shot Misses the Net.
5:35 of 2nd period - Icing by Chris Bourque.
5:36 of 2nd period - Drew Stafford wins face-off versus Jonathan Toews in Panthers zone.
5:36 of 2nd period - Drew Stafford is hit by Jonathan Toews.
6:18 of 2nd period - Drew Stafford is hit by Jonathan Toews and loses puck.
6:47 of 2nd period - Wrist shot by Chris Bourque.
6:47 of 2nd period - Stopped by Kevin Poulin with a rebound.
7:05 of 2nd period - Wrist shot by Brian Flynn.
7:05 of 2nd period - Shot Misses the Net.
7:18 of 2nd period - John Draeger is hit by Alex Petrovic and loses puck.
7:21 of 2nd period - Minor Penalty to Zack Kassian for Hooking.
7:22 of 2nd period - Gabriel Landeskog wins face-off versus Kris Versteeg in Bruins zone.
7:22 of 2nd period - Gabriel Landeskog is hit by Will Butcher.
8:44 of 2nd period - Brendan Smith is hit by Will Butcher and loses puck.
9:09 of 2nd period - Miro Aaltonen is hit by Brendan Smith and loses puck.
9:21 of 2nd period - Penalty to Zack Kassian is over, Zack Kassian is back on ice.
10:36 of 2nd period - Thomas Vanek is hit by Mikael Backlund and loses puck.
11:42 of 2nd period - Alexander Semin is hit by Kevin Hayes and loses puck.
12:24 of 2nd period - Cameron Gaunce is hit by Victor Oreskovich.
12:35 of 2nd period - Minor Penalty to Matt Read for Hooking.
12:36 of 2nd period - Miro Aaltonen wins face-off versus Zack Kassian in Bruins zone.
14:35 of 2nd period - Penalty to Matt Read is over, Matt Read is back on ice.
14:52 of 2nd period - Slapshot by Matt Read.
14:52 of 2nd period - Stopped by Ville Husso without a rebound.
14:53 of 2nd period - Kevin Hayes wins face-off versus Daultan Leveillé in Panthers zone.
14:56 of 2nd period - Snap shot by Victor Oreskovich.
14:56 of 2nd period - Shot Misses the Net.
15:46 of 2nd period - Wrist shot by Chris Bourque.
15:46 of 2nd period - Shot Blocked by Josh Manson.
15:48 of 2nd period - Snap shot by Brian Flynn.
15:48 of 2nd period - Stopped by Kevin Poulin without a rebound.
15:49 of 2nd period - Miro Aaltonen wins face-off versus Jonathan Toews in Bruins zone.
15:58 of 2nd period - Wrist shot by Kris Versteeg.
15:58 of 2nd period - Stopped by Kevin Poulin with a rebound.
16:00 of 2nd period - Slapshot by Bryce Lampman.
16:00 of 2nd period - Shot Misses the Net.
16:04 of 2nd period - Snap shot by Kris Versteeg.
16:04 of 2nd period - Shot Blocked by Torey Krug.
16:15 of 2nd period - Minor Penalty to Brian Flynn for Holding.
16:16 of 2nd period - Jonathan Toews wins face-off versus Kris Versteeg in Panthers zone.
16:17 of 2nd period - Wrist shot by Zack Kassian.
16:17 of 2nd period - Shot Blocked by John Draeger.
16:19 of 2nd period - Wrist shot by Torey Krug.
16:19 of 2nd period - Shot Blocked by Niklas Hansson.
17:19 of 2nd period - Kris Versteeg is hit by Kevin Hayes and loses puck.
18:15 of 2nd period - Penalty to Brian Flynn is over, Brian Flynn is back on ice.
19:02 of 2nd period - Andreas Athanasiou is hit by Chris Bourque and loses puck.
19:45 of 2nd period - Will Butcher is hit by Wojtek Wolski and loses puck.
Goals for this period are 0 for Panthers vs 0 for Bruins.
Shots for this period are 6 for Panthers vs 1 for Bruins.
3rd period
0:01 of 3rd period - Jonathan Toews wins face-off versus Chris Bourque in neutral zone.
0:55 of 3rd period - Thomas Vanek is hit by Jason Demers and loses puck.
1:18 of 3rd period - Wrist shot by Jonathan Toews.
1:18 of 3rd period - Deflect By Zack Kassian.
1:18 of 3rd period - Shot Misses the Net.
1:18 of 3rd period - Puck is out of play.
1:19 of 3rd period - Jonathan Toews wins face-off versus Drew Stafford in Panthers zone.
1:28 of 3rd period - Bryce Lampman is hit by Brendan Smith and loses puck.
1:34 of 3rd period - Off-side.
1:35 of 3rd period - John Quenneville wins face-off versus Miro Aaltonen in neutral zone.
1:45 of 3rd period - Slapshot by Brendan Smith.
1:45 of 3rd period - Shot Blocked by Cameron Gaunce.
2:02 of 3rd period - Icing by Wojtek Wolski.
2:03 of 3rd period - Brian Flynn wins face-off versus Jonathan Toews in Bruins zone.
2:26 of 3rd period - Slapshot by Zack Kassian.
2:26 of 3rd period - Shot Misses the Net.
2:28 of 3rd period - Wrist shot by Wojtek Wolski.
2:28 of 3rd period - Deflect By Jonathan Toews.
2:28 of 3rd period - Shot Blocked by Will Butcher.
2:28 of 3rd period - Puck is out of play.
2:29 of 3rd period - Miro Aaltonen wins face-off versus Kevin Hayes in Panthers zone.
2:43 of 3rd period - Slapshot by Alex Iafallo.
2:43 of 3rd period - Stopped by Kevin Poulin without a rebound.
2:44 of 3rd period - Jonathan Toews wins face-off versus Brian Flynn in Bruins zone.
2:51 of 3rd period - Snap shot by Zack Kassian.
2:51 of 3rd period - Shot Hit the Post.
2:54 of 3rd period - Icing by Bryce Lampman.
2:55 of 3rd period - Jonathan Toews wins face-off versus Brian Flynn in Panthers zone.
2:57 of 3rd period - Minor Penalty to Torey Krug for Slashing.
2:58 of 3rd period - Miro Aaltonen wins face-off versus Zack Kassian in Bruins zone.
3:08 of 3rd period - Slapshot by Miro Aaltonen.
3:08 of 3rd period - Deflect By Kris Versteeg.
3:08 of 3rd period - Shot Blocked by Zack Kassian.
3:08 of 3rd period - Puck is out of play.
3:09 of 3rd period - Wojtek Wolski wins face-off versus Miro Aaltonen in Bruins zone.
3:20 of 3rd period - Snap shot by Wojtek Wolski.
3:20 of 3rd period - Shot Misses the Net.
4:57 of 3rd period - Penalty to Torey Krug is over, Torey Krug is back on ice.
5:05 of 3rd period - Snap shot by Gabriel Landeskog.
5:05 of 3rd period - Stopped by Ville Husso with a rebound.
5:07 of 3rd period - Snap shot by Alex Petrovic.
5:07 of 3rd period - Deflect By Thomas Vanek.
5:07 of 3rd period - Stopped by Ville Husso with a rebound.
5:09 of 3rd period - Wrist shot by Gabriel Landeskog.
5:09 of 3rd period - Stopped by Ville Husso without a rebound.
5:10 of 3rd period - John Quenneville wins face-off versus Daultan Leveillé in Panthers zone.
5:11 of 3rd period - Slapshot by David Booth.
5:11 of 3rd period - Stopped by Ville Husso with a rebound.
5:13 of 3rd period - Minor Penalty to Thomas Vanek for Slashing.
5:14 of 3rd period - Kris Versteeg wins face-off versus Jonathan Toews in Panthers zone.
5:45 of 3rd period - Slapshot by Torey Krug.
5:45 of 3rd period - Stopped by Ville Husso without a rebound.
5:46 of 3rd period - Jonathan Toews wins face-off versus Drew Stafford in Panthers zone.
6:11 of 3rd period - Kris Versteeg is hit by Wojtek Wolski and loses puck.
6:16 of 3rd period - Snap shot by Wojtek Wolski.
6:16 of 3rd period - Stopped by Ville Husso with a rebound.
6:18 of 3rd period - Slapshot by Jason Demers.
6:18 of 3rd period - Stopped by Ville Husso without a rebound.
6:19 of 3rd period - Jonathan Toews wins face-off versus Kris Versteeg in Panthers zone.
6:28 of 3rd period - Wrist shot by Jonathan Toews.
6:28 of 3rd period - Deflect By Zack Kassian.
6:28 of 3rd period - Shot Blocked by John Draeger.
6:28 of 3rd period - Puck is out of play.
6:29 of 3rd period - Kris Versteeg wins face-off versus Jonathan Toews in Panthers zone.
7:13 of 3rd period - Penalty to Thomas Vanek is over, Thomas Vanek is back on ice.
7:23 of 3rd period - Wrist shot by Brian Flynn.
7:23 of 3rd period - Stopped by Kevin Poulin without a rebound.
7:24 of 3rd period - Brian Flynn wins face-off versus Matt Read in Bruins zone.
7:27 of 3rd period - Snap shot by Chris Bourque.
7:27 of 3rd period - Shot Misses the Net.
7:29 of 3rd period - Slapshot by Will Butcher.
7:29 of 3rd period - Stopped by Kevin Poulin without a rebound.
7:30 of 3rd period - Chris Bourque wins face-off versus John Quenneville in Bruins zone.
7:37 of 3rd period - Snap shot by Chris Bourque.
7:37 of 3rd period - Stopped by Kevin Poulin without a rebound.
7:38 of 3rd period - John Quenneville wins face-off versus Brian Flynn in Bruins zone.
7:47 of 3rd period - Snap shot by John Quenneville.
7:47 of 3rd period - Shot Misses the Net.
7:49 of 3rd period - Wrist shot by David Booth.
7:49 of 3rd period - Stopped by Ville Husso without a rebound.
7:50 of 3rd period - Jonathan Toews wins face-off versus Brian Flynn in Panthers zone.
7:59 of 3rd period - Snap shot by Brian Flynn.
7:59 of 3rd period - Shot Misses the Net.
8:01 of 3rd period - Snap shot by Brian Flynn.
8:01 of 3rd period - Shot Blocked by Jason Demers.
8:07 of 3rd period - Wrist shot by Chris Bourque.
8:07 of 3rd period - Stopped by Kevin Poulin without a rebound.
8:08 of 3rd period - Kevin Hayes wins face-off versus Miro Aaltonen in Bruins zone.
8:08 of 3rd period - Kevin Hayes is hit by Alex Iafallo.
8:20 of 3rd period - Snap shot by Kris Versteeg.
8:20 of 3rd period - Stopped by Kevin Poulin without a rebound.
8:21 of 3rd period - Brian Flynn wins face-off versus Jonathan Toews in Bruins zone.
8:32 of 3rd period - Snap shot by Brian Flynn.
8:32 of 3rd period - Shot Misses the Net.
9:12 of 3rd period - Slapshot by Alexander Semin.
9:12 of 3rd period - Shot Blocked by David Booth.
9:36 of 3rd period - Snap shot by Thomas Vanek.
9:36 of 3rd period - Shot Blocked by Andreas Athanasiou.
9:38 of 3rd period - Slapshot by Niklas Hansson.
9:38 of 3rd period - Stopped by Kevin Poulin without a rebound.
9:39 of 3rd period - Jonathan Toews wins face-off versus Brian Flynn in Bruins zone.
9:56 of 3rd period - Slapshot by Jonathan Toews.
9:56 of 3rd period - Stopped by Ville Husso without a rebound.
9:57 of 3rd period - Miro Aaltonen wins face-off versus Kevin Hayes in Panthers zone.
10:04 of 3rd period - Brendan Smith is hit by Niklas Hansson and loses puck.
10:15 of 3rd period - Icing by Niklas Hansson.
10:16 of 3rd period - Miro Aaltonen wins face-off versus Jonathan Toews in Panthers zone.
10:43 of 3rd period - Will Butcher is hit by Alex Petrovic and loses puck.
10:50 of 3rd period - Snap shot by Gabriel Landeskog.
10:50 of 3rd period - Stopped by Ville Husso without a rebound.
10:51 of 3rd period - Brian Flynn wins face-off versus Kevin Hayes in Panthers zone.
10:51 of 3rd period - Bryce Lampman is hit by Victor Oreskovich and loses puck.
11:06 of 3rd period - Wrist shot by Brian Flynn.
11:06 of 3rd period - Shot Misses the Net.
11:08 of 3rd period - Snap shot by Brian Flynn.
11:08 of 3rd period - Shot Misses the Net.
11:24 of 3rd period - Slapshot by Zack Kassian.
11:24 of 3rd period - Shot Misses the Net.
11:26 of 3rd period - Snap shot by Jonathan Toews.
11:26 of 3rd period - Shot Blocked by Bryce Lampman.
11:28 of 3rd period - Wrist shot by Jonathan Toews.
11:28 of 3rd period - Shot Misses the Net.
11:30 of 3rd period - Snap shot by Wojtek Wolski.
11:30 of 3rd period - Shot Misses the Net.
11:40 of 3rd period - Wrist shot by Taylor Beck.
11:40 of 3rd period - Shot Blocked by Kris Versteeg.
11:42 of 3rd period - Slapshot by Brendan Smith.
11:42 of 3rd period - Stopped by Ville Husso without a rebound.
11:43 of 3rd period - Drew Stafford wins face-off versus Mikael Backlund in Panthers zone.
11:49 of 3rd period - Off-side.
11:50 of 3rd period - Jonathan Toews wins face-off versus Brian Flynn in neutral zone.
11:55 of 3rd period - Snap shot by Zack Kassian.
11:55 of 3rd period - Stopped by Ville Husso with a rebound.
11:57 of 3rd period - Wrist shot by Torey Krug.
11:57 of 3rd period - Deflect By Wojtek Wolski.
11:57 of 3rd period - Shot Misses the Net.
11:57 of 3rd period - Puck is out of play.
11:58 of 3rd period - Brian Flynn wins face-off versus Jonathan Toews in Panthers zone.
12:13 of 3rd period - Snap shot by Wojtek Wolski.
12:13 of 3rd period - Shot Misses the Net.
12:15 of 3rd period - Snap shot by Jonathan Toews.
12:15 of 3rd period - Shot Blocked by Bryce Lampman.
12:17 of 3rd period - Slapshot by Jason Demers.
12:17 of 3rd period - Deflect By Cameron Gaunce.
12:17 of 3rd period - Stopped by Ville Husso with a rebound.
12:31 of 3rd period - Wrist shot by Zack Kassian.
12:31 of 3rd period - Goal by Zack Kassian - Panthers : 1 - Bruins : 2.
12:32 of 3rd period - Kevin Hayes wins face-off versus Miro Aaltonen in neutral zone.
12:35 of 3rd period - Slapshot by Torey Krug.
12:35 of 3rd period - Stopped by Ville Husso without a rebound.
12:36 of 3rd period - Kevin Hayes wins face-off versus Miro Aaltonen in Panthers zone.
12:59 of 3rd period - Minor Penalty to Alex Iafallo for Tripping.
13:00 of 3rd period - Jonathan Toews wins face-off versus Kris Versteeg in Panthers zone.
14:47 of 3rd period - Victor Oreskovich is hit by Drew Stafford and loses puck.
14:59 of 3rd period - Penalty to Alex Iafallo is over, Alex Iafallo is back on ice.
16:20 of 3rd period - Jerry D'Amigo is hit by Matt Read and loses puck.
16:35 of 3rd period - Snap shot by Chris Bourque.
16:35 of 3rd period - Stopped by Kevin Poulin without a rebound.
16:36 of 3rd period - Brian Flynn wins face-off versus Mikael Backlund in Bruins zone.
17:14 of 3rd period - Minor Penalty to Cameron Gaunce for Interference.
17:15 of 3rd period - Kris Versteeg wins face-off versus Jonathan Toews in Panthers zone.
17:21 of 3rd period - Gabriel Landeskog is hit by Alexander Semin and loses puck.
17:45 of 3rd period - Icing by Zack Kassian.
17:46 of 3rd period - Kevin Hayes wins face-off versus Kris Versteeg in Bruins zone.
18:01 of 3rd period - Snap shot by Victor Oreskovich.
18:01 of 3rd period - Goal by Victor Oreskovich - Panthers : 1 - Bruins : 3.
18:02 of 3rd period - John Quenneville wins face-off versus Quinton Howden in neutral zone.
18:49 of 3rd period - Off-side.
18:50 of 3rd period - Gabriel Landeskog wins face-off versus Miro Aaltonen in neutral zone.
19:17 of 3rd period - Will Butcher is hit by John Quenneville and loses puck.
19:24 of 3rd period - Snap shot by John Quenneville.
19:24 of 3rd period - Shot Misses the Net.
19:26 of 3rd period - Backhand shot by Torey Krug.
19:26 of 3rd period - Stopped by Ville Husso with a rebound.
Goals for this period are 0 for Panthers vs 2 for Bruins.
Shots for this period are 8 for Panthers vs 17 for Bruins.